 Dungeon Crawl Stone Soup version 0.31-a0-174-g85c54bcb58 (webtiles) character file.

Game seed: 6503919906178633575

236 Dittersdorf the Trooper (level 6, -3/39 HPs)
             Began as a Gargoyle Fighter on June 15, 2023.
             Splashed by a jelly's acid (9 damage)
             ... in a sewer.
             The game lasted 00:03:57 (1750 turns).

Dittersdorf the Trooper (Gargoyle Fighter)          Turns: 1750, Time: 00:03:57

Health: -3/39      AC: 10    Str: 22    XL:     6   Next: 6%
Magic:  6/6        EV:  8    Int:  8    God:
Gold:   113        SH:  4    Dex:  9    Spells: 5/5 levels left

rFire   . . .        a - +0 flail
rCold   . . .        c - +0 buckler
rNeg    + . .        h - +0 chain mail
rPois   ∞            (no helmet)
rElec   +            (no cloak)
rCorr   .            (no gloves)
SInv    .            (no boots)
Will    .....        (no amulet) Stlth
                     (no ring)
HPRegen 0.26/turn    (no ring)
MPRegen 0.10/turn

%: no passive effects
@: corroded
A: sickness immunity, AC +4, negative energy resistance 1, electricity
resistance, torment resistance 1, petrification resistance
a: no special abilities


You were in a sewer.
You visited 1 branch of the dungeon, and saw 4 of its levels.
You also visited: Sewer.

You collected 113 gold pieces.

Inventory:

Hand Weapons
 a - a +0 flail (weapon)
Armour
 c - a +0 buckler (worn)
 h - a +0 chain mail (worn)
Scrolls
 e - a scroll of silence
 f - a scroll of teleportation
 i - a scroll of enchant weapon
 j - 2 scrolls of blinking
Potions
 b - a potion of mutation {unknown}
 d - a potion of might
 g - a potion of enlightenment {unknown}


   Skills:
 + Level 4.6 Fighting
 + Level 3.3 Maces & Flails
 + Level 4.6 Armour
 + Level 4.5 Shields


You had 5 spell levels left.
You didn't know any spells.
Your spell library contained the following spells:

 Spells                   Type           Power      Damage    Failure   Level
 Lesser Beckoning         Tloc           0%         N/A       99%         2
 Gell's Gravitas          Tloc           0%         N/A       100%        3
 Teleport Other           Tloc           0%         N/A       100%        3


Dungeon Overview and Level Annotations

Branches:
Dungeon (4/15)              Sewer (1/1)
 Temple: D:4-7

Altars:


Innate Abilities, Weirdness & Mutations

You are immune to sickness and miasma.
Your stone body is resilient. (AC +4)
You are immune to poison.
You resist negative energy. (rN+)
You are resistant to electric shocks. (rElec)
You are resistant to unholy torment.
You are immune to petrification.


Message History

The jelly is heavily wounded.
The adder bites you. x2; The adder bites you but does no damage.
The jelly hits you but does no damage. You block the adder's attack.
You hit the jelly.
Your hands burn!
The jelly is heavily wounded.
The adder bites you. The adder bites you but does no damage.
The jelly barely misses you. You block the adder's attack.
You are too injured to fight recklessly!
You are too injured to fight recklessly!
You are too injured to fight recklessly!
You are too injured to fight recklessly!
You are too injured to fight recklessly!
You are too injured to fight recklessly!
You are too injured to fight recklessly!
You are too injured to fight recklessly!
You are too injured to fight recklessly!
You are too injured to fight recklessly!
You are too injured to fight recklessly!
You are too injured to fight recklessly!
You are too injured to fight recklessly!
You are too injured to fight recklessly!
You are too injured to fight recklessly!
You are too injured to fight recklessly!
You are too injured to fight recklessly!
You are too injured to fight recklessly!
You are too injured to fight recklessly!
You hit the jelly but do no damage.
Your hands burn!
* * * LOW HITPOINT WARNING * * *
The jelly is heavily wounded.
The adder barely misses you. You block the jelly's attack.
The adder closely misses you. The adder bites you but does no damage.
You hit the jelly but do no damage.
Your hands burn!
* * * LOW HITPOINT WARNING * * *
The jelly is heavily wounded.
You block the adder's attack. The jelly barely misses you.
You block the adder's attack. The adder bites you but does no damage.
The jelly hits you.
* * * LOW HITPOINT WARNING * * *
You are splashed with acid!
You die...

#..# ##~~#### .##
##..~~.~## .~##
#~~~.†~~∩## ~~.#
#~..###..~###~..#
####.~##.##~~##.~~?#
##.....#.[.#~~##~..#
#~.~~..##~~~..##JS#
#~.##...##~~.##~@S#
#~..##...#~~~~.~~##
##.~.##.~.~.~~~~##
##..##.~.~.~.###
####.~.~~.###
##...~.~~.#
#....###..~# ##...##
##~..# ###~~.## #..#


You could see a jelly and 2 adders.

Vanquished Creatures
  A jelly (Sewer)
  An iguana (D:4)
  Terence (D:3)
  An orc wizard (D:4)
  4 gnolls (D:3)
  2 adders (Sewer)
  2 worms
  A dart slug (D:3)
  5 orcs (D:4)
  16 endoplasms
  A giant cockroach (D:3)
  7 hobgoblins
  5 kobolds
  3 quokkas
  4 ball pythons
  A bat (D:1)
  6 frilled lizards
  A goblin (D:1)
  6 rats
68 creatures vanquished.

Notes
Turn   | Place    | Note
-------+----------+-------------------------------------------
     0 | D:1      | Dittersdorf the Gargoyle Fighter began the quest for the
                  | Orb.
     0 | D:1      | Reached XP level 1. HP: 14/14 MP: 1/1
   329 | D:1      | Reached XP level 2. HP: 6/19 MP: 2/2
   879 | D:2      | You fall into a shaft and drop 2 floors!
   907 | D:4      | Reached XP level 3. HP: 22/23 MP: 3/3
   932 | D:4      | Reached XP level 4. HP: 17/29 MP: 4/4
  1054 | D:3      | Noticed Terence
  1070 | D:3      | Killed Terence
  1169 | D:3      | Reached XP level 5. HP: 31/33 MP: 5/5
  1332 | D:3      | Found a faded altar of an unknown god.
  1423 | D:3      | Found a glowing drain.
  1437 | Sewer    | Entered a sewer
  1675 | Sewer    | Reached XP level 6. HP: 27/39 MP: 6/6
  1750 | Sewer    | Splashed by a jelly's acid

Illustrated notes

Levels and vault maps discovered:
D:1:      minmay_arrival_split_and_join, layout_basic, minmay_pentomino_v4
D:2:      layout_basic, serial_shops, nicolae_shop_pleasant_corner_grove
D:3:      layout_loops_ring, shapermc_ecumenical_altar_notcrosses,
          gup_sewer_entry_bowl, uniq_terence
D:4:      layout_loops_ring, dk_noncrumbling_2, uniq_ijyb, uniq_robin
Sewer:    sewer_hellmonk_slimy_pipes

Skill      XL: |  1  2  3  4  5 |
---------------+----------------+-----
Fighting       | 4 |  4.6
Shields        | 4 |  4.5
Armour         | 4 |  4.6
Maces & Flails | 3 |  3.3

Action                     |  1- 3 |  4- 6 || total
---------------------------+-------+-------++-------
  Melee: Flail             |    75 |   145 ||   220
    Use: Scroll            |       |     7 ||     7
 Armour: Scale mail        |    32 |     7 ||    39
         Chain mail        |       |    63 ||    63
  Dodge: Dodged            |    34 |    61 ||    95
  Block: Buckler           |    13 |    33 ||    46

Table legend: (Time is in decaauts)
 A = Elapsed time spent in this place.
 B = Non-inter-level travel time spent in this place.
 C = Inter-level travel time spent in this place.
 D = Time resting spent in this place.
 E = Time spent auto-exploring this place.
 F = Levels seen in this place.
 G = Mean time per level.
                   A        B        C        D        E       F      G
               +--------+--------+--------+--------+--------+-----+--------+
         Total |   1830 |   1784 |     46 |     53 |    943 |   5 |  366.0 |
       Dungeon |   1490 |   1444 |     46 |     53 |    718 |   4 |  372.5 |
         Sewer |    339 |    339 |      0 |      0 |    225 |   1 |  339.0 |
               +--------+--------+--------+--------+--------+-----+--------+

Top non-repeatable levels by time:
     D:1: 812 daAuts
     D:3: 471 daAuts
   Sewer: 339 daAuts
     D:4: 124 daAuts
     D:2: 82 daAuts
